Map: [ESL] Cosmic Sapphire

Players

Lambo

  • Race: Zerg Zerg
  • Spawn Location: 5:00

Clem - Winner!

  • Race: Terran Terran
  • Spawn Location: 11:00

Event: DreamHack SC2 Masters 2022 Atlanta (Online)

VOD

Have the link to the VOD?

Description

Time

  • Played on: Oct. 13, 2022, 2:51 p.m.
  • Length: 18:33

All games in this series

Show
View Real Time Build Order
Export as new Build Order

Lambo Zerg 

Build Orders: Hatch First 

Get SALT Encoding   

  12  0:00  Drone  
  13  0:11  Overlord  
  13  0:18  Drone  
  14  0:30  Drone x2  
  16  0:48  Hatchery  
  15  0:51  Drone  
  15  0:54  Drone  
  17  0:57  Drone  
  18  1:08  Extractor  
  17  1:12  Spawning Pool  
  17  1:16  Drone  
  17  1:19  Drone  
  18  1:28  Drone  
  19  1:38  Drone  
  20  1:48  Drone  
  21  2:00  Queen x2  
  21  2:01  Zergling x4  
  27  2:10  Drone  
  27  2:11  Overlord  
  28  2:20  Hatchery  
  27  2:23  Drone  
  28  2:31  Drone  
  28  2:32  Drone x2  
  30  2:39  Queen  
  32  2:44  Overlord  
  32  2:48  Drone  
  33  2:53  Metabolic Boost  
  33  2:54  Drone x2  
  35  3:04  Queen  
  37  3:07  Drone x2  
  37  3:10  Drone x2  
  41  3:18  Drone x2  
  43  3:28  Overlord  
  43  3:29  Overlord  
  43  3:33  Queen x2  
  47  3:40  Drone x2  
  49  3:42  Overlord  
  49  3:47  Drone  
  49  3:48  Drone x4  
  53  3:51  Drone  
  53  3:54  Drone  
  53  3:55  Drone  
  57  3:56  Zergling x4  
  57  3:58  Overlord  
  59  4:03  Drone  
  59  4:05  Drone  
  59  4:09  Overlord  
  61  4:10  Queen  
  61  4:15  Drone x4  
  61  4:16  Drone  
  68  4:19  Drone x2  
  70  4:29  Overlord  
  70  4:30  Drone  
  70  4:31  Drone  
  72  4:33  Hatchery  
  72  4:37  Queen  
  73  4:40  Drone x3  
  73  4:42  Drone x4  
  80  4:50  Spore Crawler x2, Lair  
  78  4:53  Spore Crawler  
  78  4:58  Drone x6  
  78  4:59  Extractor  
  82  5:00  Extractor  
  82  5:02  Baneling Nest  
  82  5:06  Drone x4  
  82  5:07  Drone  
  85  5:10  Overlord  
  85  5:14  Drone  
  86  5:18  Overlord  
  86  5:19  Drone x2  
  85  5:25  Drone x3  
  85  5:26  Extractor  
  87  5:30  Zergling x6  
  87  5:33  Drone x2, Evolution Chamber  
  87  5:34  Evolution Chamber  
  90  5:37  Drone x4  
  90  5:42  Drone  
  95  5:48  Zergling x4  
  97  5:50  Drone, Centrifugal Hooks  
  97  5:52  Overseer  
  97  5:53  Overseer  
  98  5:59  Spore Crawler  
  98  6:00  Queen, Drone x4  
  98  6:03  Drone  
  104  6:06  Zergling x14, Zerg Ground Armor Level 1  
  104  6:07  Zergling x2  
  104  6:09  Hatchery  
  111  6:13  Drone x2  
  111  6:15  Zerg Melee Weapons Level 1  
  111  6:17  Drone x2  
  115  6:19  Hydralisk Den  
  115  6:22  Zergling x2  
  115  6:23  Zergling x4  
  115  6:25  Baneling x3  
  117  6:26  Baneling, Overlord x3  
  117  6:28  Baneling  
  117  6:31  Baneling x2  
  117  6:32  Overlord  
  117  6:36  Overlord x2  
  115  6:44  Queen x3, Overlord  
  115  6:45  Overlord  
  121  6:47  Baneling x4  
  121  6:48  Baneling  
  121  6:49  Overlord  
  121  6:52  Drone x2  
  121  6:53  Extractor  
  122  6:55  Zergling x16  
  122  7:00  Grooved Spines  
  128  7:02  Zergling x14  
  128  7:07  Zergling x12  
  141  7:09  Zergling x4  
  134  7:16  Zergling x4  
  134  7:20  Extractor  
  135  7:27  Drone x6  
  135  7:28  Hydralisk x3  
  135  7:29  Baneling x4  
  147  7:30  Baneling x2  
  147  7:37  Hydralisk x4  
  147  7:44  Hydralisk x2  
  155  7:48  Overlord  
  157  8:02  Zergling x42  
  174  8:07  Baneling  
  174  8:08  Baneling x10  
  174  8:11  Drone  
  174  8:12  Drone x2  
  177  8:19  Drone x2  
  176  8:20  Drone  
  176  8:21  Queen  
  176  8:22  Drone  
  176  8:25  Spore Crawler  
  176  8:26  Zergling x2, Hydralisk x5  
  189  8:31  Overlord  
  189  8:34  Baneling x4  
  189  8:35  Overlord  
  189  8:39  Overlord  
  189  8:40  Overlord  
  189  8:41  Zergling x2  
  189  8:47  Zergling x24  
  174  8:49  Zergling x2  
  174  8:53  Zergling x6, Infestation Pit  
  174  9:00  Zergling x12  
  179  9:02  Baneling x7  
  179  9:07  Zergling x2  
  179  9:08  Zergling x10  
  175  9:16  Zergling x6  
  171  9:17  Baneling x5  
  171  9:19  Zergling x4  
  171  9:21  Zerg Melee Weapons Level 2, Muscular Augments, Zerg Ground Armor Level 2  
  171  9:22  Zergling x14  
  177  9:26  Zergling x8  
  177  9:27  Overseer  
  177  9:29  Drone x3  
  182  9:35  Overlord  
  182  9:38  Zergling x8  
  184  9:44  Zergling x8  
  172  9:49  Zergling x8  
  172  9:50  Pneumatized Carapace  
  172  9:53  Baneling x8  
  172  9:57  Zergling x22  
  174  10:00  Drone x3, Hive  
  174  10:02  Extractor  
  174  10:04  Zergling x4  
  173  10:07  Zergling x2  
  173  10:10  Hatchery  
  173  10:13  Zergling x8  
  177  10:19  Baneling x10  
  176  10:27  Zergling x20  
  169  10:32  Zergling x2  
  169  10:33  Zergling x6  
  154  10:36  Zergling x2  
  147  10:43  Zergling x2  
  147  10:44  Zergling x6  
  147  10:48  Zergling x8  
  148  10:51  Zergling x10  
  148  10:56  Hydralisk x7  
  165  10:59  Zergling x2  
  165  11:02  Hydralisk x2  
  166  11:08  Zergling x6  
  168  11:15  Baneling x11  
  168  11:16  Baneling x3  
  168  11:20  Viper  
  168  11:21  Zergling x24  
  168  11:22  Queen  
  168  11:24  Baneling x6  
  185  11:28  Zergling x10, Overlord  
  173  11:35  Zergling x8, Overseer  
  173  11:38  Zergling x2  
  165  11:50  Overseer  
  165  11:51  Zergling x26  
  172  11:54  Zerg Ground Armor Level 3, Zerg Missile Weapons Level 1  
  172  11:56  Zergling x8  
  176  12:02  Zergling x8  
  175  12:09  Hatchery  
  175  12:11  Zergling x10  
  175  12:15  Zergling x12  
  172  12:22  Zergling x14  
  149  12:31  Zergling x8  
  149  12:34  Zergling x6  
  148  12:38  Overseer  
  148  12:41  Hydralisk  
  148  12:42  Zergling x8  
  154  12:44  Baneling x11  
  154  12:49  Hydralisk  
  154  12:50  Zergling x14  
  163  12:53  Unknown  
  163  12:54  Baneling x10  
  162  12:59  Zergling x12  
  162  13:01  Zergling x2  
  168  13:10  Zergling x12  
  171  13:13  Zergling x4  
  162  13:20  Zergling x16  
  162  13:26  Zergling x14  
  172  13:28  Zergling x2  
  172  13:32  Zergling x4  
  171  13:34  Baneling x3  
  167  13:42  Zergling x20  
  167  13:46  Extractor  
  171  13:48  Zerg Melee Weapons Level 3  
  171  13:49  Zergling x20  
  181  13:56  Zergling x2  
  181  13:57  Zergling x12  
  188  14:04  Zergling x10  
  188  14:08  Zergling x8  
  174  14:13  Overseer x2  
  174  14:15  Zergling x10, Baneling  
  174  14:16  Baneling x14  
  174  14:21  Zergling x12  
  174  14:22  Zergling x6  
  174  14:23  Overseer  
  168  14:24  Zergling x2  
  168  14:27  Hydralisk x3  
  168  14:28  Hydralisk x2  
  176  14:32  Lair  
  176  14:33  Zerg Missile Weapons Level 2  
  176  14:34  Viper  
  176  14:35  Hydralisk x4  
  187  14:41  Baneling x4  
  186  14:52  Zergling x40  
  168  15:01  Zergling x8  
  170  15:07  Zergling x12  
  170  15:08  Lurker Den  
  168  15:14  Zergling x8  
  168  15:17  Baneling x6  
  168  15:20  Baneling x12  
  167  15:36  Overlord  
  153  15:44  Zergling x10  
  151  15:50  Zergling x12  
  151  15:56  Zergling x18  
  163  16:00  Overlord x2  
  163  16:01  Overlord  
  155  16:11  Baneling x13  
  155  16:13  Seismic Spines  
  155  16:18  Queen x4  
  154  16:19  Zergling x24  
  154  16:23  Overseer  
  154  16:24  Zergling x6  
  154  16:25  Overlord  
  158  16:35  Zergling x10  
  158  16:39  Zergling x4  
  145  16:42  Zergling x2  
  143  16:48  Hydralisk x3  
  145  16:58  Hydralisk  
  145  16:59  Hydralisk x5  
  143  17:03  Hydralisk x2  
  143  17:07  Zergling x4  
  143  17:08  Baneling x9  
  148  17:10  Zergling x4, Adaptive Talons  
  147  17:16  Zergling x4  
  147  17:17  Queen x2  
  147  17:18  Zergling x2  
  147  17:19  Zergling x4  
  147  17:21  Overseer x3  
  151  17:25  Hydralisk x2  
  151  17:29  Zergling x8  
  149  17:35  Zergling x2  
  149  17:36  Zergling x10  
  152  17:41  Zergling x10  
  139  17:51  Zergling x18  
  135  17:54  Zergling x2  
  135  17:58  Zergling x4  
  128  17:59  Lurker  
  128  18:00  Lurker x4  
  128  18:03  Zergling x4  
  135  18:05  Zergling x2  
  135  18:06  Zergling x2  
  141  18:13  Zergling x4  
Show
View Real Time Build Order
Export as new Build Order

Clem Terran - Winner!

Build Orders: Reaper Expand, Hellion Banshee 

Get SALT Encoding   

  12  0:00  SCV  
  13  0:12  SCV  
  14  0:16  Supply Depot  
  14  0:24  SCV  
  15  0:38  SCV  
  15  0:39  Barracks  
  16  0:43  Refinery  
  16  0:50  SCV  
  17  1:02  SCV  
  18  1:14  SCV  
  19  1:25  Reaper  
  19  1:26  Orbital Command  
  20  1:38  Command Center  
  20  1:47  Supply Depot  
  20  1:52  SCV  
  21  1:57  Marine  
  22  2:04  SCV  
  23  2:10  Factory  
  23  2:16  SCV  
  23  2:19  Barracks Reactor  
  24  2:28  SCV  
  25  2:40  Command Center, SCV  
  26  2:50  Orbital Command  
  26  2:53  SCV  
  27  2:59  Starport  
  27  3:02  Refinery  
  27  3:05  SCV  
  28  3:09  Hellion  
  30  3:13  Hellion  
  30  3:16  SCV  
  30  3:18  SCV  
  34  3:21  Barracks Tech Lab  
  34  3:28  SCV  
  34  3:30  SCV  
  34  3:31  Hellion  
  38  3:35  Hellion  
  38  3:41  SCV  
  41  3:43  SCV  
  41  3:46  Banshee  
  45  3:51  Orbital Command  
  45  3:53  Hellion  
  47  3:55  SCV  
  47  3:56  Hellion  
  47  3:58  SCV, Barracks Tech Lab  
  51  4:04  Supply Depot  
  51  4:07  SCV  
  52  4:10  SCV  
  52  4:17  SCV, Stimpack  
  53  4:20  SCV  
  53  4:22  SCV  
  56  4:24  Barracks  
  56  4:26  Marine  
  56  4:28  Barracks  
  56  4:29  SCV  
  56  4:30  Factory Reactor  
  58  4:32  SCV  
  58  4:34  SCV  
  58  4:35  Supply Depot  
  60  4:41  Refinery, Starport Reactor, Orbital Command  
  60  4:42  Engineering Bay  
  60  4:44  Marine  
  61  4:46  Engineering Bay, SCV  
  61  4:48  SCV  
  63  4:58  Supply Depot, SCV  
  64  5:00  SCV  
  64  5:02  Barracks, Marine  
  64  5:04  Barracks  
  66  5:07  SCV, Refinery  
  66  5:10  SCV  
  66  5:13  Terran Infantry Armor Level 1, Terran Infantry Weapons Level 1  
  68  5:16  SCV  
  68  5:17  Marine x2  
  68  5:19  SCV  
  72  5:22  Supply Depot  
  72  5:23  Marine  
  72  5:25  Medivac x2  
  72  5:26  Marine  
  72  5:27  Marine  
  76  5:29  SCV  
  76  5:30  SCV  
  76  5:32  SCV  
  76  5:35  Marine  
  80  5:40  Supply Depot, Marine  
  80  5:41  SCV  
  80  5:42  Siege Tank  
  85  5:45  Marine x3  
  85  5:47  SCV x2  
  90  5:51  Armory  
  90  5:55  Marine  
  90  5:56  Barracks Reactor x2, SCV  
  92  5:59  SCV  
  92  6:01  SCV, Marine  
  95  6:08  SCV  
  95  6:10  Supply Depot, Marine x2  
  99  6:11  Supply Depot, SCV  
  99  6:14  SCV, Marine  
  101  6:26  Refinery  
  101  6:27  Factory  
  101  6:31  Supply Depot  
  101  6:32  SCV, Siege Tank, Marine x4  
  109  6:33  SCV x2, Marine x2  
  109  6:34  Marine x2  
  109  6:35  Marine  
  116  6:44  Supply Depot, SCV  
  116  6:45  SCV  
  117  6:48  Medivac  
  117  6:50  Marine x2  
  117  6:52  Medivac, Marine x2  
  121  6:54  Command Center  
  121  6:55  Supply Depot  
  121  7:00  Marine x2  
  123  7:01  Supply Depot  
  123  7:02  Marine  
  123  7:03  Combat Shield  
  123  7:04  Marine  
  123  7:05  Marine  
  123  7:08  Marine  
  127  7:09  Siege Tank  
  127  7:10  Supply Depot  
  117  7:15  Marine  
  117  7:16  Marine  
  117  7:17  Factory Reactor  
  117  7:18  Drilling Claws  
  117  7:19  Terran Infantry Weapons Level 2  
  117  7:22  Marine x2  
  121  7:23  Marine  
  121  7:25  Marine  
  121  7:28  Marine x2  
  121  7:29  Marine  
  126  7:33  Marine x2  
  126  7:34  Refinery  
  128  7:38  Medivac  
  128  7:39  Medivac  
  128  7:40  Sensor Tower, Marine x2  
  128  7:41  Marine  
  135  7:44  Marine  
  135  7:45  SCV  
  135  7:48  Siege Tank  
  140  7:55  Marine  
  140  7:56  Supply Depot, Marine x3  
  140  7:57  Marine  
  140  7:58  Widow Mine x2  
  149  7:59  Marine  
  149  8:00  Marine  
  149  8:01  Marine  
  149  8:02  SCV, Marine  
  152  8:08  SCV x2  
  152  8:11  Terran Infantry Armor Level 2  
  154  8:13  Marine  
  154  8:14  Marine x3  
  154  8:15  Marine  
  154  8:17  Supply Depot  
  154  8:19  SCV, Marine x2  
  161  8:20  SCV  
  161  8:26  Widow Mine  
  161  8:27  Widow Mine  
  166  8:32  Refinery  
  166  8:34  Refinery, Marine  
  166  8:36  Sensor Tower, Widow Mine, Marine x2  
  166  8:37  SCV  
  166  8:41  SCV  
  173  8:45  Medivac  
  173  8:47  SCV  
  152  8:48  Marine x2  
  152  8:49  Widow Mine  
  152  8:50  Medivac  
  152  8:55  SCV  
  159  8:58  Marine  
  159  8:59  Widow Mine, Marine x2  
  159  9:02  Widow Mine  
  164  9:06  Marine  
  160  9:10  Widow Mine  
  160  9:15  SCV x3, Medivac  
  164  9:20  Medivac, Widow Mine  
  164  9:23  Barracks, Planetary Fortress  
  164  9:24  Barracks  
  164  9:27  SCV x2  
  164  9:28  Widow Mine  
  164  9:29  Marine  
  164  9:30  SCV  
  170  9:35  Widow Mine  
  172  9:39  SCV x2  
  172  9:42  SCV  
  168  9:45  Medivac  
  168  9:46  Marine  
  168  9:49  Marine  
  168  9:50  Medivac  
  168  9:51  SCV x2  
  168  9:52  Marine  
  176  9:55  SCV  
  176  9:57  Widow Mine, Siege Tank  
  176  9:58  Marauder, Marine x2  
  176  9:59  SCV  
  177  10:03  SCV  
  177  10:04  SCV, Marine  
  177  10:06  Barracks  
  180  10:07  SCV  
  180  10:09  Widow Mine  
  180  10:10  Terran Infantry Weapons Level 3  
  180  10:12  SCV  
  183  10:15  SCV  
  183  10:16  SCV  
  183  10:19  SCV  
  183  10:21  Widow Mine, Barracks Tech Lab x2  
  184  10:24  SCV, Marine  
  184  10:28  SCV x2  
  188  10:30  Medivac, Widow Mine, Marine  
  188  10:31  SCV  
  188  10:33  Marine  
  188  10:38  Terran Infantry Armor Level 3, Marine x2  
  188  10:41  Command Center, Sensor Tower  
  186  10:43  Marine  
  186  10:47  Marine x3  
  186  10:48  Marine  
  180  10:50  SCV x2  
  180  10:51  SCV  
  180  10:52  SCV  
  181  10:59  Widow Mine  
  181  11:00  Marine x2  
  181  11:01  Marauder  
  181  11:02  Marine x2  
  181  11:04  Medivac, Widow Mine, Marine  
  187  11:06  Marine x2  
  187  11:07  Marine  
  187  11:08  Medivac  
  187  11:11  Terran Vehicle And Ship Armor Level 1  
  187  11:12  Supply Depot  
  187  11:13  Widow Mine  
  187  11:18  Marine  
  188  11:28  Ghost Academy  
  188  11:31  Marine  
  188  11:32  Widow Mine  
  188  11:33  Marine x3  
  188  11:34  Medivac, Marauder x2  
  188  11:35  Marine  
  196  11:41  Widow Mine  
  196  11:42  Widow Mine  
  196  11:46  Concussive Shells  
  196  11:50  Marine x2  
  196  11:51  Marine x2  
  196  11:52  Medivac, Marine  
  196  11:53  Supply Depot, Widow Mine  
  198  11:55  Command Center  
  198  11:58  Command Center  
  198  12:04  Medivac  
  198  12:07  Factory  
  198  12:08  Marine x4  
  198  12:13  Widow Mine  
  198  12:14  Widow Mine, Marine x2  
  198  12:15  Marine x2  
  173  12:17  Marine x2  
  173  12:19  Marine  
  173  12:20  Marine  
  173  12:22  Medivac  
  177  12:26  Marine x4  
  177  12:29  Widow Mine  
  182  12:32  Marine x2  
  182  12:33  Marine x2  
  182  12:34  Medivac  
  182  12:35  Marine  
  182  12:36  Marauder  
  173  12:38  Marauder, Marine, Siege Tank  
  173  12:39  Widow Mine  
  173  12:44  Marine x3  
  181  12:49  Marine  
  185  12:52  Medivac  
  185  12:53  Refinery  
  185  12:54  Refinery  
  185  12:55  Factory Tech Lab, Sensor Tower  
  185  12:56  Missile Turret, Marauder  
  185  12:57  Widow Mine, Marine  
  185  12:58  Marauder  
  194  12:59  Marine  
  194  13:00  Marine  
  194  13:01  Marine  
  194  13:02  Marauder  
  199  13:05  Terran Vehicle Weapons Level 1  
  199  13:06  Marine  
  199  13:10  Marine  
  197  13:13  Siege Tank  
  197  13:14  Planetary Fortress  
  197  13:17  Marine  
  197  13:18  Ghost  
  195  13:20  Widow Mine x2, Marine x2  
  195  13:23  Marauder  
  195  13:24  Siege Tank  
  199  13:27  Marine  
  195  13:34  Orbital Command  
  195  13:36  SCV x2  
  195  13:38  SCV  
  195  13:39  SCV  
  195  13:40  SCV  
  195  13:41  Marine  
  200  13:48  SCV  
  197  13:49  Command Center  
  197  13:51  SCV  
  194  14:04  Ghost  
  194  14:06  Ghost  
  194  14:08  Marine, Ghost  
  194  14:09  Marine  
  200  14:12  Orbital Command  
  200  14:14  Sensor Tower  
  200  14:23  Siege Tank x2  
  200  14:24  Widow Mine x2  
  191  14:25  Marine x2  
  191  14:26  Marine  
  191  14:28  Marine x2  
  196  14:32  Ghost  
  196  14:35  Ghost  
  200  14:52  Command Center, Marine, Ghost  
  189  14:53  Command Center  
  189  14:55  Siege Tank  
  189  14:56  Marine  
  189  14:57  Marine x2  
  186  15:01  Marine, Ghost  
  186  15:02  Barracks Tech Lab  
  186  15:03  Widow Mine, Ghost  
  186  15:04  Widow Mine  
  195  15:07  Siege Tank  
  195  15:09  Liberator  
  195  15:11  Marine  
  190  15:17  Marine x2  
  190  15:21  Ghost x2  
  186  15:25  Medivac  
  186  15:26  Marine  
  186  15:27  Marine  
  194  15:30  Marauder  
  194  15:32  Ghost  
  193  15:45  Siege Tank  
  193  15:49  Ghost  
  179  15:50  Marauder  
  179  15:51  Widow Mine  
  179  15:52  Marine x2  
  179  15:56  Ghost  
  182  15:58  Marine x2  
  182  16:02  Liberator  
  182  16:04  Liberator  
  182  16:05  Planetary Fortress  
  188  16:11  Siege Tank  
  188  16:13  Unknown  
  188  16:14  Ghost  
  188  16:15  Ghost  
  188  16:16  Marine x4  
  188  16:17  Sensor Tower  
  196  16:21  Marine x3  
  196  16:22  Siege Tank  
  185  16:34  Widow Mine x2, Marauder  
  184  16:41  Marine x2  
  184  16:43  Siege Tank  
  184  16:44  Command Center  
  188  16:50  Ghost  
  188  16:53  Marine x2  
  187  16:54  Siege Tank  
  187  16:58  Personal Cloaking  
  179  17:01  Widow Mine, Ghost  
  179  17:02  Marine  
  182  17:09  Liberator  
  182  17:11  Widow Mine  
  182  17:13  Marauder  
  187  17:15  Siege Tank  
  187  17:25  Ghost  
  187  17:28  Medivac  
  169  17:30  Widow Mine, Siege Tank  
  169  17:31  Marine x7  
  169  17:32  Marauder x2  
  169  17:35  Marine  
  184  17:39  Marine  
  168  17:47  Siege Tank  
  168  17:48  Marine, Orbital Command  
  168  17:49  Marine x6  
  171  17:52  Medivac  
  171  17:53  Marauder  
  171  17:55  Widow Mine  
  171  17:58  Medivac  
  173  17:59  Ghost  
  173  18:00  Marine x2  
  182  18:09  Marine x2  
  191  18:27  Missile Turret  
Tags
 
Add a new tag
Caveats
  • Supply blocks, unpowered buildings, or Contaminate may cause inaccurate times.
  • Supply counts are checked every 10 seconds.